EVO
UNIVERSITY OF CALIFORNIA GOLDEN BEARS @ PENNSYLVANIA STATE UNIVERSITY NITTANY LIONS
11/02/2048
 
TOP OF THE 1ST
University of California Golden Bears batting - Pitching for Pennsylvania State University Nittany Lions : RHP Bob Cloutier
Pitching: RHP Bob Cloutier
Batting: LHB Luis Orellana 0-0: Called Strike
0-1: Foul Ball, location: 2F
0-2: Ball
1-2: SINGLE (Groundball, 4MS, EV 66.2 MPH) (infield hit)
Batting: RHB Tim Spence 0-0: Foul Ball, location: 2F
0-1: Ball
1-1: Foul Ball, location: 2F
1-2: Foul Ball, location: 2F
1-2: Ball
2-2: Fly out, F7 (Flyball, 7LSF, EV 94.4 MPH)
Batting: LHB Carlos Gaona 0-0: Called Strike
0-1: Ball
1-1: Called Strike
1-2: Strikes out swinging
Batting: RHB Nate Mahon 0-0: Foul Ball, location: 2F
0-1: Foul Ball, location: 2F
0-2: Strikes out swinging
Top of the 1st over - 0 runs, 1 hit, 0 errors, 1 left on base; University of California 0 - Pennsylvania State University 0
BOTTOM OF THE 1ST
Pennsylvania State University Nittany Lions batting - Pitching for University of California Golden Bears : RHP Arthur Adams
Pitching: RHP Arthur Adams
Batting: RHB Joe Strachan 0-0: Fly out, F4 (Popup, 4D, EV 71.2 MPH)
Batting: RHB Pete Martin 0-0: Called Strike
0-1: Ball
1-1: Swinging Strike
1-2: SINGLE (Line Drive, 7LM, EV 105.0 MPH)
Batting: RHB Josh Ebeling 0-0: Ball
1-0: Ball
2-0: Ball
3-0: Called Strike
3-1: Fly out, F8 (Flyball, 89D, EV 96.2 MPH)
Batting: RHB Rob Hinojosa 0-0: Ball
1-0: Swinging Strike
1-1: Ball
Pete Martin steals 2nd base
2-1: Foul Ball, location: 2F
2-2: Ball
3-2: Foul Ball, location: 2F
3-2: Foul Ball, location: 2F
3-2: SINGLE (Line Drive, 5D, EV 102.5 MPH)
Pete Martin to third
Runner from 3rd tries for Home, SAFE, throw by LF to home
Batting: RHB Victor Victorino 0-0: Ball
1-0: Foul Ball, location: 2F
1-1: Ball
2-1: Foul Ball, location: 2F
2-2: Ground out 6-3 (Groundball, 56, EV 110.0 MPH)
Bottom of the 1st over - 1 run, 2 hits, 0 errors, 1 left on base; University of California 0 - Pennsylvania State University 1
TOP OF THE 2ND
University of California Golden Bears batting - Pitching for Pennsylvania State University Nittany Lions : RHP Bob Cloutier
Batting: SHB Nick Jansen 0-0: Fly out, F9 (Flyball, 9D, EV 98.8 MPH)
Batting: RHB Juan Debayle 0-0: Called Strike
0-1: Ball
1-1: Called Strike
1-2: Fly out, F8 (Flyball, 8RM, EV 73.1 MPH)
Batting: RHB Mike Wilson 0-0: Ball
1-0: Ball
2-0: Called Strike
2-1: Foul Ball, location: 2F
2-2: Ball
3-2: Fly out, F8 (Flyball, 8RM, EV 85.0 MPH)
Top of the 2nd over - 0 runs, 0 hits, 0 errors, 0 left on base; University of California 0 - Pennsylvania State University 1
BOTTOM OF THE 2ND
Pennsylvania State University Nittany Lions batting - Pitching for University of California Golden Bears : RHP Arthur Adams
Batting: RHB Francisco Velazquez 0-0: Called Strike
0-1: Ball
1-1: Foul Ball, location: 2F
1-2: Ball
2-2: Ball
3-2: Base on Balls
Batting: RHB James Steinmetz 0-0: Called Strike
0-1: SINGLE (Line Drive, 8LS, EV 104.4 MPH)
Francisco Velazquez to second
Batting: LHB Dan Lape 0-0: Called Strike
Francisco Velazquez steals 3rd base (no throw)
James Steinmetz to second
0-1: Ball
1-1: SINGLE (Flyball, 3D, EV 98.8 MPH)
Francisco Velazquez scores
James Steinmetz to third
Batting: RHB Jesse Bandt 0-0: Called Strike
0-1: Ball
1-1: Foul Ball, location: 2F
1-2: Ball
2-2: SINGLE (Line Drive, 78M, EV 85.6 MPH)
James Steinmetz scores
Dan Lape to second
Batting: RHB Joe Strachan 0-0: Ball
1-0: Swinging Strike
1-1: Fly out, F8 (Line Drive, 8LM, EV 101.9 MPH)
Batting: RHB Pete Martin 0-0: Ball
1-0: Fly out, F9 (Flyball, 9, EV 91.2 MPH)
Batting: RHB Josh Ebeling 0-0: Foul Ball, location: 2F
0-1: Swinging Strike
0-2: Ball
1-2: Fielders Choice at 2nd, 6-4 (Groundball, 6, EV 91.2 MPH)
Bottom of the 2nd over - 2 runs, 3 hits, 0 errors, 2 left on base; University of California 0 - Pennsylvania State University 3
TOP OF THE 3RD
University of California Golden Bears batting - Pitching for Pennsylvania State University Nittany Lions : RHP Bob Cloutier
Batting: LHB Jonathan Sosa 0-0: Called Strike
0-1: Ball
1-1: Called Strike
1-2: Strikes out swinging
Batting: RHB Bill Gallardo 0-0: Swinging Strike
0-1: Ball
1-1: Swinging Strike
1-2: Foul Ball, location: 2F
1-2: Strikes out swinging
Batting: LHB Luis Orellana 0-0: Swinging Strike
0-1: Called Strike
0-2: Ball
1-2: Strikes out looking
Top of the 3rd over - 0 runs, 0 hits, 0 errors, 0 left on base; University of California 0 - Pennsylvania State University 3
BOTTOM OF THE 3RD
Pennsylvania State University Nittany Lions batting - Pitching for University of California Golden Bears : RHP Arthur Adams
Batting: RHB Rob Hinojosa 0-0: Foul Ball, location: 2F
0-1: Ground out 6-3 (Groundball, 6S, EV 70.0 MPH)
Batting: RHB Victor Victorino 0-0: Ball
1-0: Foul Ball, location: 2F
1-1: Called Strike
1-2: Foul Ball, location: 2F
1-2: Foul Ball, location: 2F
1-2: Ground out 4-3 (Groundball, 34, EV 94.4 MPH)
Batting: RHB Francisco Velazquez 0-0: Fly out, F8 (Flyball, 89M, EV 84.4 MPH)
Bottom of the 3rd over - 0 runs, 0 hits, 0 errors, 0 left on base; University of California 0 - Pennsylvania State University 3
TOP OF THE 4TH
University of California Golden Bears batting - Pitching for Pennsylvania State University Nittany Lions : RHP Bob Cloutier
Batting: RHB Tim Spence 0-0: Ball
1-0: Swinging Strike
1-1: Swinging Strike
1-2: Foul Ball, location: 2F
1-2: Strikes out swinging
Batting: LHB Carlos Gaona 0-0: Foul Ball, location: 2F
0-1: Ball
1-1: Ball
2-1: Ball
3-1: Base on Balls
Batting: RHB Nate Mahon 0-0: 2-RUN HOME RUN (Line Drive, 7LD, EV 98.8 MPH), Distance : 385 ft
Batting: SHB Nick Jansen 0-0: Ball
1-0: Called Strike
1-1: Ball
2-1: Foul Ball, location: 2F
2-2: Strikes out swinging
Batting: RHB Juan Debayle 0-0: Called Strike
0-1: Foul Ball, location: 2F
0-2: Ball
1-2: Strikes out swinging
Top of the 4th over - 2 runs, 1 hit, 0 errors, 0 left on base; University of California 2 - Pennsylvania State University 3
BOTTOM OF THE 4TH
Pennsylvania State University Nittany Lions batting - Pitching for University of California Golden Bears : RHP Arthur Adams
Batting: RHB James Steinmetz 0-0: Called Strike
0-1: Swinging Strike
0-2: Foul Ball, location: 2F
0-2: Ball
1-2: Ball
2-2: Ball
3-2: Foul Ball, location: 2F
3-2: Strikes out swinging
Batting: LHB Dan Lape 0-0: Ball
1-0: Ground out 4-3 (Groundball, 4, EV 100.6 MPH)
Batting: RHB Jesse Bandt 0-0: Swinging Strike
0-1: SINGLE (Line Drive, 9S, EV 98.8 MPH)
Batting: RHB Joe Strachan 0-0: Called Strike
0-1: Ball
1-1: Swinging Strike
1-2: Fielders Choice at 2nd, 6-4 (Groundball, 6, EV 85.6 MPH)
Bottom of the 4th over - 0 runs, 1 hit, 0 errors, 1 left on base; University of California 2 - Pennsylvania State University 3
TOP OF THE 5TH
University of California Golden Bears batting - Pitching for Pennsylvania State University Nittany Lions : RHP Bob Cloutier
Batting: RHB Mike Wilson 0-0: Ball
1-0: Called Strike
1-1: Ball
2-1: Fly out, F4 (Popup, 34, EV 68.8 MPH)
Batting: LHB Jonathan Sosa 0-0: Swinging Strike
0-1: SINGLE (Flyball, 8RS, EV 87.5 MPH)
Batting: RHB Bill Gallardo 0-0: Called Strike
0-1: Called Strike
0-2: Ball
Wild Pitch!
Jonathan Sosa to second
1-2: Strikes out swinging
Batting: LHB Luis Orellana 0-0: Fly out, F8 (Flyball, 8LM, EV 91.9 MPH)
Top of the 5th over - 0 runs, 1 hit, 0 errors, 1 left on base; University of California 2 - Pennsylvania State University 3
BOTTOM OF THE 5TH
Pennsylvania State University Nittany Lions batting - Pitching for University of California Golden Bears : RHP Arthur Adams
Batting: RHB Pete Martin 0-0: Ground out 6-3 (Groundball, 6, EV 91.9 MPH)
Batting: RHB Josh Ebeling 0-0: Called Strike
0-1: Ball
1-1: Fly out, F9 (Flyball, 89D, EV 83.1 MPH)
Batting: RHB Rob Hinojosa 0-0: Called Strike
0-1: Ball
1-1: Ball
2-1: SINGLE (Flyball, 78S, EV 85.0 MPH)
Batting: RHB Victor Victorino 0-0: SINGLE (Groundball, 6MD, EV 110.6 MPH)
Rob Hinojosa to second
Runner from 2nd tries for 3rd, SAFE, no throw by CF
Batting: RHB Francisco Velazquez 0-0: Ball
1-0: Ball
2-0: Ground out 5-3 (Groundball, 15, EV 81.9 MPH)
Bottom of the 5th over - 0 runs, 2 hits, 0 errors, 2 left on base; University of California 2 - Pennsylvania State University 3
TOP OF THE 6TH
University of California Golden Bears batting - Pitching for Pennsylvania State University Nittany Lions : RHP Bob Cloutier
Batting: RHB Tim Spence 0-0: Ball
1-0: Foul Ball, location: 2F
1-1: Fly out, F8 (Line Drive, 8RM, EV 90.6 MPH)
Batting: LHB Carlos Gaona 0-0: Fly out, F5 (Popup, 56, EV 75.6 MPH)
Batting: RHB Nate Mahon 0-0: Foul Ball, location: 2F
0-1: Fly out, F4 (Popup, 4S, EV 85.0 MPH)
Top of the 6th over - 0 runs, 0 hits, 0 errors, 0 left on base; University of California 2 - Pennsylvania State University 3
BOTTOM OF THE 6TH
Pennsylvania State University Nittany Lions batting - Pitching for University of California Golden Bears : RHP Arthur Adams
Pitching: RHP Frank Salinas
Batting: RHB James Steinmetz 0-0: Called Strike
0-1: SOLO HOME RUN (Flyball, 7LD, EV 97.5 MPH), Distance : 379 ft
Batting: LHB Dan Lape 0-0: Called Strike
0-1: Ball
1-1: Swinging Strike
1-2: Strikes out swinging
Batting: RHB Jesse Bandt 0-0: Fly out, F7 (Line Drive, 7S, EV 90.6 MPH)
Batting: RHB Joe Strachan 0-0: Ground out 6-3 (Groundball, 6, EV 83.8 MPH)
Bottom of the 6th over - 1 run, 1 hit, 0 errors, 0 left on base; University of California 2 - Pennsylvania State University 4
TOP OF THE 7TH
University of California Golden Bears batting - Pitching for Pennsylvania State University Nittany Lions : RHP Bob Cloutier
Batting: SHB Nick Jansen 0-0: Swinging Strike
0-1: Swinging Strike
0-2: Strikes out swinging
Pitching: RHP David Cantu
Batting: RHB Juan Debayle 0-0: Foul Ball, location: 2F
0-1: Swinging Strike
0-2: Ball
1-2: Ball
2-2: Ground out 6-3 (Groundball, 6S, EV 72.5 MPH)
Batting: RHB Mike Wilson 0-0: Swinging Strike
0-1: Ball
1-1: Ball
2-1: Called Strike
2-2: Foul Ball, location: 2F
2-2: Ball
3-2: Base on Balls
Batting: LHB Jonathan Sosa 0-0: Called Strike
0-1: Fly out, F6 (Flyball, 56D, EV 86.2 MPH)
Top of the 7th over - 0 runs, 0 hits, 0 errors, 1 left on base; University of California 2 - Pennsylvania State University 4
BOTTOM OF THE 7TH
Pennsylvania State University Nittany Lions batting - Pitching for University of California Golden Bears : RHP Frank Salinas
Batting: RHB Pete Martin 0-0: Ball
1-0: Swinging Strike
1-1: Foul Ball, location: 2F
1-2: Ball
2-2: Strikes out looking
Batting: RHB Josh Ebeling 0-0: Ball
1-0: Ball
2-0: Called Strike
2-1: Foul Ball, location: 2F
2-2: Ball
3-2: SINGLE (Line Drive, 9S, EV 111.9 MPH)
Batting: RHB Rob Hinojosa 0-0: Ball
1-0: Ball
2-0: Foul Ball, location: 2F
2-1: Grounds into double play, 6-4-3 (Groundball, 56, EV 96.9 MPH)
Bottom of the 7th over - 0 runs, 1 hit, 0 errors, 0 left on base; University of California 2 - Pennsylvania State University 4
TOP OF THE 8TH
University of California Golden Bears batting - Pitching for Pennsylvania State University Nittany Lions : RHP David Cantu
Pitching: LHP Yari Rono
Batting: RHB Bill Gallardo 0-0: Called Strike
0-1: Fly out, F9 (Flyball, 9D, EV 93.8 MPH)
Batting: LHB Luis Orellana 0-0: Called Strike
0-1: Ball
1-1: Ball
2-1: Foul Ball, location: 2F
2-2: Foul Ball, location: 2F
2-2: Ball
3-2: Foul Ball, location: 2F
3-2: Ground out 3-1 (Groundball, 34, EV 100.6 MPH)
Batting: RHB Tim Spence 0-0: Called Strike
0-1: Swinging Strike
0-2: Ball
1-2: Fly out, F9 (Flyball, 9, EV 92.5 MPH)
Top of the 8th over - 0 runs, 0 hits, 0 errors, 0 left on base; University of California 2 - Pennsylvania State University 4
BOTTOM OF THE 8TH
Pennsylvania State University Nittany Lions batting - Pitching for University of California Golden Bears : RHP Frank Salinas
Pitching: RHP Steve Clothier
Batting: RHB Victor Victorino 0-0: Called Strike
0-1: Hit by Pitch
Batting: RHB Francisco Velazquez 0-0: Bunted foul
0-1: Sac Bunt to 15S - play at first, batter OUT! 1-4
Victor Victorino to second
Batting: RHB James Steinmetz 0-0: Foul Ball, location: 2F
0-1: Ball
1-1: Fly out, F8 (Flyball, 89D, EV 93.1 MPH)
Batting: LHB Dan Lape 0-0: Called Strike
0-1: Ball
Passed Ball!
Victor Victorino to third
1-1: Swinging Strike
1-2: Strikes out swinging
Bottom of the 8th over - 0 runs, 0 hits, 0 errors, 1 left on base; University of California 2 - Pennsylvania State University 4
TOP OF THE 9TH
University of California Golden Bears batting - Pitching for Pennsylvania State University Nittany Lions : LHP Yari Rono
Pitching: LHP John McDonald
Now at 1B: Kevin Claus
Now at 2B: Jesse Bandt
Now in CF: Perry Brantley
Batting: LHB Carlos Gaona 0-0: Foul Ball, location: 2F
0-1: Ball
1-1: Foul Ball, location: 2F
1-2: Reached on error, E4 (Groundball, 4, EV 89.4 MPH)
Batting: RHB Nate Mahon 0-0: Swinging Strike
0-1: Foul Ball, location: 2F
0-2: Strikes out swinging
Pitching: RHP Hector Guzman
Batting: SHB Nick Jansen 0-0: Called Strike
0-1: Swinging Strike
0-2: Ball
1-2: Fly out, F8 (Flyball, 8LM, EV 88.8 MPH)
Batting: RHB Juan Debayle 0-0: Foul Ball, location: 2F
0-1: Ball
1-1: Ball
2-1: Ball
3-1: Foul Ball, location: 2F
3-2: Base on Balls
Batting: RHB Mike Wilson 0-0: Called Strike
0-1: Swinging Strike
0-2: Ball
1-2: Fly out, F9 (Flyball, 9D, EV 91.9 MPH)
Top of the 9th over - 0 runs, 0 hits, 1 error, 2 left on base; University of California 2 - Pennsylvania State University 4
Tuesday, March 28th , 2023 - OOTP Baseball 23.10 Build 110